[Event "Polish Youth B18 Championship 2023"]
[Site "Jastrzebia Gora"]
[Date "2023.03.15"]
[Round "5.5"]
[White "Backiel, Hubert"]
[Black "Turski, Bartlomiej"]
[Result "1/2-1/2"]
[ECO "B81"]
[WhiteElo "2127"]
[BlackElo "2352"]
[Annotator "TA"]
[PlyCount "60"]
[EventDate "2023.03.11"]
[EventType "swiss"]
[EventCountry "POL"]
[SourceTitle "playchess.com"]
[Source "ChessBase"]
[SourceQuality "1"]
[TimeControl "40/5400+30:1800+30"]

1. e4 c5 2. Nf3 e6 3. d4 cxd4 4. Nxd4 Nf6 5. Nc3 d6 6. g4 h6 7. Rg1 Nc6 8. h4 d5 $1 {[%emt 0:00:13][%mdl 4] outshines the older 8...h5.} 9. exd5 Nxd5 {[%emt 0:00:12] B81: Sicilian Scheveningen: Keres Attack.} 10. Nxd5 exd5 11. Be3 Qxh4 12. Qf3 Nxd4 13. Bxd4 {[%emt 0:00:16] [#] Bb5+ is the strong threat.} Qe7+ 14. Be2 {[%emt 0:05:43] Active counter play!} Qe4 15. O-O-O {[%emt 0:00:13] Threatens to win with Bb5+.} Qxf3 $1 16. Bxf3 Be6 17. Rge1 Kd7 18. Be5 {[%emt 0:07:33] [#]} f6 $146 ({Predecessor:} 18... Rd8 19. Bxd5 Bxd5 20. Rxd5+ Kc8 21. Rxd8+ Kxd8 22. Bd4 a6 23. Kd2 f6 24. c3 Kd7 25. a4 h5 26. gxh5 Rxh5 27. b4 Rh3 {½-½ Vallejo Pons,F (2687)-Yu,Y (2736) Belt and Road Hunan op-A 2019 (8)}) 19. Bg3 Bc5 20. Bxd5 Bxd5 {[%emt 0:00:23][%mdl 64] [#] Remove Defender} 21. Rxd5+ Kc6 22. Red1 Rhe8 23. c3 a5 24. f3 Re6 25. Rd7 Re7 $1 26. Rxe7 Bxe7 27. Kc2 Bc5 28. Re1 Rf8 29. a4 b6 30. Re4 Kd7 {[%emt 0:06:15] Weighted Error Value: White=0.04 (flawless) /Black=0.03 (flawless)} (30... Bd6 $11 31. Re6 Rd8) 1/2-1/2

[Event "Polish Youth B18 Championship 2023"]
[Site "Jastrzebia Gora"]
[Date "2023.03.15"]
[Round "5.6"]
[White "Karolczuk, Iwo"]
[Black "Grzesik, Gracjan"]
[Result "1/2-1/2"]
[ECO "A62"]
[WhiteElo "2346"]
[BlackElo "2149"]
[Annotator "TA"]
[PlyCount "62"]
[EventDate "2023.03.11"]
[EventType "swiss"]
[EventCountry "POL"]
[SourceTitle "playchess.com"]
[Source "ChessBase"]
[SourceQuality "1"]
[TimeControl "40/5400+30:1800+30"]

1. d4 Nf6 2. c4 e6 3. g3 c5 4. d5 exd5 5. cxd5 d6 6. Nc3 g6 7. Bg2 Bg7 8. Nf3 O-O 9. O-O Re8 10. Bf4 a6 11. a4 Ne4 12. Nxe4 Rxe4 13. Nd2 Rb4 14. Ra2 {[%emt 0:01:10] 14.b3 is the fancy move. A62: Modern Benoni: Fianchetto Variation without early ...Nbd7.} Qe7 ({Less strong is} 14... Rxb2 15. Rxb2 Bxb2 16. Nc4 $16) 15. b3 Nd7 16. Nc4 {[%emt 0:05:45] White is slightly better.} Ne5 17. Nxe5 Bxe5 18. Bd2 a5 $1 19. Bxb4 axb4 {[%emt 0:01:00] [#]} 20. Rc2 $146 ({Predecessor:} 20. Qb1 b5 21. axb5 Ra3 22. Rc1 Qa7 23. Rd2 Bd7 24. e3 Bc3 25. b6 Qxb6 26. Ra2 {0-1 Dylag,E (2003)-Marcinczyk,M (1865) POL-ch U18 Girls 2022 (6)}) 20... Bd7 21. Qd3 Ra5 22. Rc4 (22. Rb1 $14) 22... b5 $15 23. axb5 Bxb5 24. Bf3 Qa7 (24... Ra2 $17 25. Rb1 (25. Qb1 Rb2 $17) 25... Qa7) 25. Qe4 Bxc4 26. Qxc4 Qa6 27. Qe4 (27. Qxa6 $15 Rxa6 28. Be4) 27... Ra1 (27... Ra3 $17 28. Rb1 Ra2) 28. Rxa1 {[%emt 0:02:31] Black is slightly better.} Qxa1+ 29. Kg2 Qc3 30. Qd3 Qxd3 31. exd3 Kf8 {[%emt 0:00:36] Weighted Error Value: White=0.18 (very precise) /Black=0.09 (flawless)} 1/2-1/2

[Event "Polish Youth B18 Championship 2023"]
[Site "Jastrzebia Gora"]
[Date "2023.03.15"]
[Round "5.7"]
[White "Biesiadecki, Adam"]
[Black "Czernek, Tymon"]
[Result "1-0"]
[ECO "E47"]
[WhiteElo "1761"]
[BlackElo "2314"]
[Annotator "TA"]
[PlyCount "113"]
[EventDate "2023.03.11"]
[EventType "swiss"]
[EventCountry "POL"]
[SourceTitle "playchess.com"]
[Source "ChessBase"]
[SourceQuality "1"]
[TimeControl "40/5400+30:1800+30"]

1. d4 Nf6 2. c4 e6 3. Nc3 Bb4 4. e3 O-O 5. Bd3 b6 6. Nge2 d5 7. cxd5 exd5 8. O-O {[%emt 0:00:13] E48: Nimzo-Indian: Rubinstein: 5 Bd3 d5 including 6 Ne2, but excluding 6 a3.} Re8 9. Qc2 Bb7 10. Bd2 {[%emt 0:09:02] The position is equal.} a6 11. Rac1 Nbd7 {[%emt 0:03:17] [#]} 12. Rfd1 $146 ({Predecessor:} 12. Ng3 Rc8 13. a3 Bd6 14. Nf5 Bf8 15. b4 Ne4 16. Ng3 Ndf6 17. Qb2 Bd6 18. Ncxe4 dxe4 {0-1 Araujo,S (2090)-Iturrizaga Bonelli,E (2625) American Continental 15th 2019 (1)}) 12... Nf8 13. Ng3 Ng6 (13... Ne6 $11) 14. Nce2 (14. Nb1 $5 Bd6 15. Nf5 $14) 14... Bd6 15. Nf5 Rc8 (15... c6 $1 $14) 16. Nxd6 $16 Qxd6 17. Bf5 Nd7 {[%emt 0:03:00] [#]} 18. Bb4 $1 $36 {[%emt 0:05:04][%mdl 2624] Deflection. Keeping Black busy.} c5 19. dxc5 bxc5 20. Bxd7 {[%emt 0:01:12][%mdl 64] Deflection} Qxd7 21. Bxc5 d4 22. Rxd4 Qc6 23. e4 Nh4 (23... Rxe4 $16 24. Qxe4 Qxe4 25. Rxe4 Bxe4) 24. Ng3 Qg6 25. b4 h5 26. Qe2 Re5 (26... Nxg2 {was necessary.} 27. Kxg2 h4 {[%mdl 64] Pin}) 27. f4 $18 Ree8 28. Qxh5 (28. Qf2 $18 {and White stays clearly on top.}) 28... Qxh5 $16 29. Nxh5 Bxe4 30. Rd2 Bxg2 (30... Bb7 $16 {was worth a try.} 31. Ng3 Re6) 31. Rxg2 $18 Nxg2 32. Kxg2 Re2+ (32... Rcd8 $142 33. Rc2 Rd3) 33. Kf3 $1 Rxa2 (33... Rd2 $142 34. Rg1 g6) 34. Rg1 (34. Nxg7 $1 $18 {And now Nf5 would win.} Ra3+ 35. Kg4) 34... g6 $16 35. Nf6+ Kg7 36. Nd7 Rd8 {[%emt 0:04:14] [#]} (36... Rd2 $16 {was called for.}) 37. Rd1 $1 $18 Ra3+ 38. Ke4 f6 39. Rd6 {[%emt 0:04:35] Threatens to win with Bb6.} a5 40. Bd4 (40. Nxf6 Rxd6 41. Ne8+ Kg8 42. Bxd6 (42. Nxd6 axb4 43. Kd4 Ra4 $16) 42... axb4 $16) (40. b5 $142 Rb3 41. Nxf6 {[%mdl 64] Discovered Attack} Rxd6 42. Ne8+ {[%mdl 64] Zwischenzug, Double Attack} Kh6 43. Nxd6) 40... Re8+ $2 (40... Kf7 {keeps fighting.}) 41. Kd5 axb4 42. Nxf6 ({Resist} 42. Rxf6 Kh6 43. Ne5 Kh7 44. Rf7+ (44. Rxg6 Rxe5+ 45. fxe5 Kxg6 $11) 44... Kg8 $18) (42. Bxf6+ Kh7 43. Bd4 Ra5+ 44. Kc4 Rc8+ 45. Kxb4 Rf5 46. Nf6+ Kh6 $18) 42... Re7 (42... Ra5+ 43. Kc4 Rc8+ 44. Kxb4 Rf5 45. Ng4+ Kf8) 43. Kc4 $2 (43. Ng4+ Kf7 44. Ne5+ Ke8 45. Rxg6) 43... Rb7 44. Nd5+ Kh7 $2 (44... Kf8 45. Rf6+ Ke8) 45. Nxb4 $2 (45. Rd8 Kh6 46. Ne3 Rc3+ 47. Bxc3 bxc3 48. Ng4+ Kg7 49. Kxc3) 45... Ra4 46. Bc3 Rc7+ 47. Kb3 Ra3+ (47... Ra8 48. Nd5 Rf7) 48. Kxa3 {[%emt 0:00:12] Nd5 would kill now.} Rxc3+ {[%emt 0:00:05][%mdl 4096] Endgame KRN-KR} 49. Kb2 Rf3 50. Nd3 Rh3 51. Ne5 Rxh2+ 52. Kc3 Rg2 53. Kd3 Rg3+ 54. Ke4 Rg1 {[%emt 0:00:57] [#]} 55. Nxg6 $1 Rxg6 {[%emt 0:00:14] [#]} (55... Rb1 56. Kf5) 56. Re6 $4 Rf6 $4 (56... Rxe6+ {avoids the disaster.} 57. Kf5 Ra6 58. Kg5 Kg7 59. Kf5 Ra5+ 60. Ke4 Kf6 61. f5 Ra4+ 62. Kf3 Kxf5 63. Ke3 Re4+ 64. Kd3 Kf4 65. Kd2 Re3 66. Kd1 Kf3 67. Kd2 Kf2 68. Kc1 Re2 69. Kb1 Ke3 70. Ka1 Kd3 71. Kb1 Kc3 72. Ka1 Kb3 73. Kb1 Re1#) 57. Rxf6 {[%emt 0:02:49] An entertaining game by Biesiadecki.   Weighted Error Value: White=0.44/Black=0.58} 1-0

[Event "Polish Youth B18 Championship 2023"]
[Site "Jastrzebia Gora"]
[Date "2023.03.15"]
[Round "5.8"]
[White "Kaliszuk, Kamil"]
[Black "Budzisz, Adrian"]
[Result "1-0"]
[ECO "E27"]
[WhiteElo "2217"]
[BlackElo "2069"]
[Annotator "TA"]
[PlyCount "63"]
[EventDate "2023.03.11"]
[EventType "swiss"]
[EventCountry "POL"]
[SourceTitle "playchess.com"]
[Source "ChessBase"]
[SourceQuality "1"]
[TimeControl "40/5400+30:1800+30"]

1. d4 Nf6 2. c4 e6 3. Nc3 Bb4 4. a3 Bxc3+ 5. bxc3 O-O 6. f3 Nc6 {[%emt 0:00:12] E27: Nimzo-Indian: Sämisch: 5...0-0 6 f3.} 7. e4 d6 8. Bd3 b6 {[%emt 0:00:14] The position is equal.} 9. Bg5 {[%emt 0:07:16] The old main line.} h6 10. Bh4 e5 11. Ne2 Na5 12. Nc1 {[%emt 0:02:56] [#]} c5 $146 (12... g5 $5 13. Bf2 Nh5 $11) ({Predecessor:} 12... Ba6 13. Nb3 Nxb3 14. Qxb3 c5 15. d5 g5 16. Bf2 Nh5 17. g3 Bc8 18. Qd1 Ng7 {½-½ Dylag,E (2082)-Kulpa,Z (1806) POL-ch U20 Girls 2020 (1)}) 13. Nb3 b5 14. Nxa5 $14 ({Much worse is} 14. cxb5 c4 15. Nxa5 (15. Bxf6 gxf6 16. Nxa5 Qxa5 $15) 15... Qxa5 $11) 14... Qxa5 15. Qd2 bxc4 16. Bxc4 Qd8 (16... exd4 $14 17. cxd4 Qxd2+ 18. Kxd2 cxd4) 17. dxe5 $16 Nxe4 18. Qf4 {[%emt 0:01:30][%mdl 64] Deflection. Active counter play!} Ng5 19. O-O (19. exd6 $18 {0-0 is the strong threat.} Be6 20. Bg3) 19... dxe5 $14 20. Qxe5 {[%emt 0:00:16] [#]} (20. Qg3 $1 $11) 20... Nh3+ $1 $17 {[%mdl 64] Discovered Attack} 21. gxh3 Qxh4 22. Bd5 Bxh3 $1 {[%emt 0:00:18] Threatens to win with ...Rae8.} 23. Bxa8 Bxf1 24. Rxf1 {[%emt 0:00:17] [#] Be4 would be deadly.} Rxa8 25. Qxc5 {[%emt 0:02:51][%mdl 4096] Endgame KQR-KQR} Re8 26. Qxa7 Re6 (26... Re2 $17 27. Qc7 Qg5+ 28. Qg3 Qe3+ 29. Rf2 Qc1+ 30. Kg2 Re6) 27. Qf2 Qc4 {[%emt 0:00:04][%mdl 1024] Black has strong compensation.} 28. Rc1 h5 (28... Re2 $17 29. Qg3 Re3) 29. Kh1 ({White should try} 29. Re1 $15) 29... Re2 30. Qg3 Ra2 ({Black should play} 30... g6 $17 31. Qb8+ Kh7) 31. Qe5 (31. Qb8+ $11 Kh7 32. Qb4) 31... Qc6 $2 (31... g6 $17 32. Qe4 Qc5 33. Qe8+ Kg7) 32. Qb8+ {[%emt 0:00:26] Weighted Error Value: White=0.25 (precise) /Black=0.26 (precise)} ({Inferior is} 32. Qxh5 g6 33. Qh3 Rxa3 $15) 1-0

[Event "Polish Youth B18 Championship 2023"]
[Site "Jastrzebia Gora"]
[Date "2023.03.15"]
[Round "5.9"]
[White "Taranowicz, Michal"]
[Black "Kolodziejski, Piotr"]
[Result "0-1"]
[ECO "B13"]
[WhiteElo "1900"]
[BlackElo "2118"]
[Annotator "TA"]
[PlyCount "56"]
[EventDate "2023.03.11"]
[EventType "swiss"]
[EventCountry "POL"]
[SourceTitle "playchess.com"]
[Source "ChessBase"]
[SourceQuality "1"]
[TimeControl "40/5400+30:1800+30"]

1. e4 c6 2. d4 d5 3. exd5 cxd5 4. Bd3 Nf6 5. c3 Nc6 6. Bf4 g6 7. Nf3 Bf5 $1 {[%emt 0:05:55][%mdl 4] is recently more successful than 7...Bg7.} 8. Bxf5 {[%emt 0:02:11] B13: Caro-Kann: Exchange Variation and Panov-Botvinnik Attack.} gxf5 9. Qb3 Qd7 10. Ne5 {[%emt 0:08:17] White is slightly better.} Nxe5 11. Bxe5 Bg7 12. Nd2 O-O 13. Nf3 {[%emt 0:00:23] [#]} Rac8 $146 ({Predecessor:} 13... e6 14. O-O Rac8 15. Rae1 Ne4 16. Bf4 Rfe8 17. Ne5 Qe7 18. Re2 Nd6 19. Nd3 Nc4 {1-0 Keller,P (2377)-Balabayeva,K (2177) Titled Tuesday intern op 03rd May Early blitz 2022 (6)}) 14. h3 Kh8 15. Qc2 Rg8 16. Qd3 (16. Bxf6 {is more appropriate.} Bxf6 17. g3) 16... Ne4 $11 17. O-O Qe6 18. Rfe1 (18. Bf4 $11 {keeps the balance.}) 18... Qg6 (18... Bxe5 $142 19. Nxe5 Rg7) 19. Qf1 $17 Qh5 {[%emt 0:06:40] And now ...Bxe5 would win.} 20. Kh1 ({White should play} 20. Qe2 $1 $15) 20... Rc6 {[%emt 0:04:18] Black is more active.} 21. Re3 (21. Bh2 $17) 21... Rg6 $1 $19 22. Qe2 $2 {[%emt 0:04:27] [#]} (22. Bf4) 22... Rxg2 $3 23. Kxg2 (23. Ne1 Ng3+) 23... Bxe5+ 24. Kf1 Qxh3+ 25. Ke1 Bf4 26. Rd3 {[%emt 0:04:49] [#]} Nxf2 $1 27. Kxf2 (27. Qxf2 Bg3) 27... Bg3+ 28. Kg1 Be1+ {[%emt 0:00:25] Magnificent play by Kolodziejski!   Weighted Error Value: White=1.16/Black=0.26 (precise)} 0-1

[Event "Polish Youth B18 Championship 2023"]
[Site "Jastrzebia Gora"]
[Date "2023.03.15"]
[Round "5.10"]
[White "Wojdak, Jan"]
[Black "Karut, Kacper"]
[Result "1-0"]
[ECO "B30"]
[WhiteElo "2097"]
[BlackElo "1904"]
[Annotator "TA"]
[PlyCount "101"]
[EventDate "2023.03.11"]
[EventType "swiss"]
[EventCountry "POL"]
[SourceTitle "playchess.com"]
[Source "ChessBase"]
[SourceQuality "1"]
[TimeControl "40/5400+30:1800+30"]

1. e4 c5 2. Nf3 Nc6 3. Nc3 d6 4. Bb5 Bd7 5. Bxc6 Bxc6 6. d4 cxd4 7. Qxd4 Nf6 8. Bg5 e6 9. O-O-O Be7 10. Qd3 a6 11. Nd4 {[%emt 0:04:42] B53: Sicilian: 2...d6: Lines with Qxd4.} Rc8 12. h4 b5 13. Nxc6 {[%emt 0:12:35] The position is equal.} Rxc6 14. Kb1 O-O 15. Ne2 {[%emt 0:00:21] [#]} d5 $146 ({Predecessor:} 15... Rc4 16. f3 Qc7 17. b3 Rc6 18. Nd4 Rc3 19. Qe2 Rc8 20. Rd3 h6 21. Bc1 Rxd3 22. cxd3 {1-0 Demchenko,A (2654)-So,W (2778) Chess.com Rapid Wk4 Swiss 2022 (2)}) 16. Bxf6 Bxf6 17. exd5 Rd6 18. Qf3 Rxd5 19. Rxd5 Qxd5 20. Qxd5 exd5 $11 {[%emt 0:00:01][%mdl 4096] Endgame KRB-KRN} 21. Nf4 Rd8 22. g3 Be5 23. Nd3 Bd6 24. Re1 f6 25. Kc1 Kf7 26. Kd2 Rc8 27. Ra1 Rc4 28. b3 Rc7 29. c3 Be5 30. Rc1 Bd6 31. f4 h5 32. Ra1 a5 33. a4 b4 (33... Rb7 $11 {remains equal.}) 34. cxb4 $16 {[%emt 0:00:15] White leaves nothing to chance now.} axb4 35. a5 g5 (35... Ra7 $16 36. a6 Ke6) 36. a6 $18 {[%emt 0:00:12] [#] Hoping for a7.} ({Don't play} 36. fxg5 $6 fxg5 37. hxg5 Ra7 $16) 36... Ra7 37. Ke3 ({Not} 37. fxg5 fxg5 38. hxg5 Kg6 39. Nf4+ Kxg5 $16) 37... gxh4 38. gxh4 Ke6 39. Kd4 Be7 $2 {[%emt 0:02:16] [#]} (39... Bb8 {is a better defense.} 40. Kc5 Rc7+ 41. Kxb4 Ba7) 40. f5+ $1 {[%emt 0:00:00][%mdl 576] Deflection. White is clearly winning.} Kxf5 41. Kxd5 Rd7+ 42. Kc4 Ke4 43. Nc5+ Bxc5 44. Kxc5 {[%emt 0:00:01] KR-KR} Ra7 45. Kb6 Ra8 46. Kb7 Rf8 47. a7 Kd3 48. a8=Q ({Less strong is} 48. a8=B Kc2 $16) 48... Rxa8 49. Rxa8 Kc3 50. Ra5 Kxb3 51. Rxh5 {[%emt 0:00:02] Weighted Error Value: White=0.03 (flawless) /Black=0.31} 1-0

[Event "Polish Youth B18 Championship 2023"]
[Site "Jastrzebia Gora"]
[Date "2023.03.15"]
[Round "5.11"]
[White "Madajczak, Piotr"]
[Black "Dziendziel, Mateusz"]
[Result "1-0"]
[ECO "A06"]
[WhiteElo "1897"]
[BlackElo "2084"]
[Annotator "TA"]
[PlyCount "64"]
[EventDate "2023.03.11"]
[EventType "swiss"]
[EventCountry "POL"]
[SourceTitle "playchess.com"]
[Source "ChessBase"]
[SourceQuality "1"]
[TimeControl "40/5400+30:1800+30"]

1. Nf3 d5 2. b3 c5 3. e3 Nc6 4. Bb5 Bg4 5. Bb2 Nf6 6. h3 Bh5 {[%emt 0:00:55] 6...Bxf3 is more advanced technology.} 7. O-O {[%emt 0:01:17] A06: Réti Opening: 1 Nf3 d5.} e6 8. d4 cxd4 9. exd4 {[%emt 0:01:28] Black has an edge.} Bd6 10. Be2 O-O 11. Nbd2 Qc7 {[%emt 0:13:07] [#]} 12. Rc1 $146 (12. Nh4 $11 {keeps the balance.}) ({Predecessor:} 12. a3 a6 13. Re1 Rac8 14. Rc1 b5 15. Kh1 Bf4 16. c3 Rfe8 17. b4 Qa7 18. Ra1 {0-1 Reyes Cortes,R (1652)-Lucena Cifre,R (1730) ESP AEAC W/A/144 email 2016}) 12... Bf4 13. c3 Rac8 14. Ra1 Rfe8 15. Re1 Qa5 16. b4 (16. g3 $11 Bd6 17. Ne5) 16... Qc7 $15 17. a4 a5 18. Qb3 (18. b5 $142 Ne7 19. Qc2) 18... g5 (18... Bxd2 $17 19. Nxd2 Bxe2 20. Rxe2 axb4 21. cxb4 Qb6) 19. b5 $11 Ne7 20. b6 Qb8 (20... Qd8 $5 ) 21. c4 dxc4 ({Black should try} 21... Bxd2 $11 22. Nxd2 Qf4) 22. Nxc4 $14 Ned5 {[%emt 0:00:48] [#]} (22... Nfd5 $142) 23. Nfe5 $1 $16 Bxe2 (23... Bg6 $16) 24. Rxe2 $18 Red8 {[%emt 0:01:44] [#]} 25. g3 $1 Bxe5 26. dxe5 Ne8 27. Re4 h5 (27... Rc6 $16 28. h4 (28. Nxa5 Rxb6 29. Qc2 Ng7 $11) 28... Ng7) 28. Qf3 (28. Nxa5 $6 Rc5 $18) 28... Ng7 29. Nd6 ({Resist} 29. Nxa5 Rd7 30. Nc4 Rc6) 29... Rxd6 30. exd6 f5 $2 {[%emt 0:01:16] [#]} (30... Qxd6 $18 31. Bxg7 {[%mdl 64] Remove Defender} Kxg7 32. Qxh5 Qe7) 31. Rxe6 $3 {[%emt 0:01:08][%mdl 576] Discovered Attack, Remove Defender} Nxe6 (31... Nc3 32. Re7) 32. Qxd5 Re8 {[%emt 0:01:05] Weighted Error Value: White=0.12 (very precise) /Black=0.42} 1-0

[Event "Polish Youth B18 Championship 2023"]
[Site "Jastrzebia Gora"]
[Date "2023.03.15"]
[Round "5.12"]
[White "Smetek, Michal"]
[Black "Wilk, Igor"]
[Result "1/2-1/2"]
[ECO "E06"]
[WhiteElo "1787"]
[BlackElo "2058"]
[Annotator "TA"]
[PlyCount "118"]
[EventDate "2023.03.11"]
[EventType "swiss"]
[EventCountry "POL"]
[SourceTitle "playchess.com"]
[Source "ChessBase"]
[SourceQuality "1"]
[TimeControl "40/5400+30:1800+30"]

1. d4 Nf6 2. c4 e6 3. g3 d5 4. Nf3 Be7 5. Bg2 O-O 6. O-O dxc4 7. Qa4 a6 8. Qxc4 b5 9. Qc2 Bb7 10. Bd2 Nbd7 11. Ba5 Rc8 12. Nbd2 {[%emt 0:06:12] E05: Open Catalan: 5 Nf3 Be7.} Qe8 13. b4 $1 Bd6 14. e4 {[%emt 0:14:23] e5 is the strong threat. White is better.} e5 15. Rfe1 {[%emt 0:01:15] [#]} Nb8 $146 ({Better is} 15... Nb6) ({Predecessor:} 15... Qe7 16. a3 Rfe8 17. Rad1 Qf8 18. dxe5 Nxe5 19. Nxe5 Bxe5 {1-0 Anwesh,U (2369)-Grygoriev,O (2121) Cherkasy Konsalt IM 2021 (1)}) 16. Bh3 Nfd7 17. d5 {[%emt 0:04:47] Prevents Nc6.} ({White should try} 17. dxe5 $16 Nxe5 18. Bxc8 Qxc8 19. Nxe5 Bxe5 20. Rac1) 17... Qe7 (17... c6 $5 ) 18. a4 c6 19. Qb3 Rce8 (19... bxa4 {keeps more tension.} 20. Rxa4 cxd5 21. exd5 Nf6) 20. axb5 axb5 21. Rad1 Nf6 22. Nf1 Na6 (22... Bc8 $11 {keeps the balance.} 23. Bxc8 Rxc8) 23. Ne3 $16 g6 {[%emt 0:00:54][%cal Rd6b4] Prevents Nf5.} (23... Nxb4 $2 24. Nf5 c5 25. Nxe7+ $18) (23... Bxb4 $2 24. d6 Bxd6 25. Nf5 $18) (23... Nxe4 $2 24. Nf5 Qf6 25. Rxe4) 24. dxc6 (24. Nh4 $142 $1 Bc8 25. Bxc8 Rxc8 26. Nef5 (26. dxc6 Bxb4 27. Nhf5 gxf5 $18)) 24... Bxc6 25. Nd5 Bxd5 (25... Nxd5 $1 $11 26. exd5 Bb7) 26. exd5 Bxb4 27. d6 $1 (27. Rxe5 Qd6 28. Bxb4 Nxb4 $11) 27... Bxd6 28. Qxb5 Nb8 {[%emt 0:09:54] [#]} (28... Bc5 $142) 29. Bc3 {[%emt 0:05:04] White has more active pieces. The black rooks are badly placed.} (29. Nxe5 $1 $16 Bxe5 30. Bb4) 29... Qc7 $1 $14 ({But not} 29... Nbd7 30. Qa6 Bc7 31. Qb7 $16) 30. Ba1 Re7 (30... Nbd7 $11) 31. Nxe5 {[%emt 0:06:28] Threatens to win with Rc1.} Rfe8 32. Nf3 Rxe1+ 33. Rxe1 Rxe1+ 34. Nxe1 Nbd7 35. Nd3 Kf8 36. Bd4 Ke7 (36... Kg8 $11 {remains equal.}) 37. Qg5 $16 Qc4 $2 {[%emt 0:01:45] [#]} (37... Qc2 $16 {was necessary.} 38. Bxd7 Kxd7) 38. Qe3+ $2 (38. Ne5 $1 $18 Qd5 39. Bg2 (39. Bxd7 h6 $18)) 38... Kd8 (38... Kf8 {is interesting.} 39. Bf1 Qd5 40. Bg2 Qb3) 39. Bf1 {[%emt 0:02:02] And now Ne5 would win.} (39. Bb2 {with more complications.} Qb3 40. Qe2 Qd5 41. Bg2) 39... Qe6 {[%emt 0:01:21] Prevents Ne5.} 40. Qf3 (40. Qc1 {seems wilder.} Qd5 41. Be3 Ng4 42. Bg5+) 40... Ke7 41. Qb7 {[%emt 0:06:13] Hoping for Nc5.} Kf8 42. Qc8+ Qe8 43. Qc6 Qb8 44. Qf3 (44. Kg2 {simplifies} Kg8 45. f4 Qc7 46. Qxc7 Bxc7 47. Kf3) 44... Ke7 45. h4 Qb3 46. Bh3 Qd5 (46... Qb1+ {feels hotter.} 47. Kg2 Qb3 48. h5 Qd5) 47. Qe3+ Kd8 (47... Kf8 {keeps more tension.} 48. Bg2 Qc4 49. Ba1 h5) 48. Bg2 Qe6 49. Qg5 Ke8 50. Bc6 {[%emt 0:02:40] A strong pair of Bishops.} Be7 (50... Qc4 $1 $11 51. Bxf6 Qxc6 52. Qe3+ Kf8) 51. Qb5 (51. Ne5 $16 {Qc1 would be deadly.} Bd6 52. Nf3) 51... Kf8 $1 $14 52. Qa4 Bd6 53. Qa8+ Kg7 54. Bxd7 (54. Qd8 $14 Nf8 55. Bd5) 54... Qxd7 $11 {[%emt 0:00:10] The position is equal.} 55. Qf3 Be7 56. Qf4 Qe6 57. Ne5 Kg8 58. Nf3 Qe4 59. Qxe4 ({Of course not} 59. Bxf6 Qxf4 60. gxf4 Bxf6 $17) 59... Nxe4 {[%emt 0:00:04] Weighted Error Value: White=0.27 (precise) /Black=0.23 (precise)} 1/2-1/2

[Event "Polish Youth B18 Championship 2023"]
[Site "Jastrzebia Gora"]
[Date "2023.03.15"]
[Round "5.13"]
[White "Ciszewski, Krzysztof"]
[Black "Lis, Maksymilian"]
[Result "1-0"]
[ECO "D20"]
[WhiteElo "2047"]
[BlackElo "1784"]
[Annotator "TA"]
[PlyCount "75"]
[EventDate "2023.03.11"]
[EventType "swiss"]
[EventCountry "POL"]
[SourceTitle "playchess.com"]
[Source "ChessBase"]
[SourceQuality "1"]
[TimeControl "40/5400+30:1800+30"]

1. d4 d5 2. c4 dxc4 3. e3 Nf6 4. Bxc4 e6 5. Nf3 a6 6. O-O c5 7. b3 $1 {[%emt 0:01:07][%mdl 4] is recently more successful than 7.dxc5.} Be7 {[%emt 0:04:07] D27: Queen's Gambit Accepted: Classical main line: 7 e4!? and 7 a4.} 8. Bb2 O-O 9. Nbd2 Nbd7 {[%emt 0:00:45] The position is equal.} 10. a4 b6 {[%emt 0:00:46] [#]} 11. Be2 $146 ({Predecessor:} 11. Qe2 h6 12. Rfd1 Bb7 13. Nf1 cxd4 14. Nxd4 Qe8 15. Rab1 Nc5 16. f3 Nd5 17. e4 {½-½ Oreopoulos,K (2490)-Kluegel,J (2517) ICCF GMN/A/01 email 2019}) 11... Bb7 12. Nc4 Rc8 13. Rc1 Qc7 14. dxc5 Bxc5 15. Nd4 Rfd8 16. Bf3 Qb8 (16... Bxd4 {seems wilder.} 17. exd4 b5 18. axb5 axb5 19. Nd6 Qxd6 20. Bxb7 Rxc1 21. Qxc1 Nd5) 17. Bxb7 Qxb7 18. Qe2 Nd5 19. Rfd1 Be7 (19... Bf8 $5) 20. Qf3 Nc5 21. a5 b5 $1 22. Ne5 Bd6 $2 {[%emt 0:21:09] [#]} (22... Rf8 $11) 23. Nec6 $1 $18 Rd7 (23... Rxc6 24. Nxc6) 24. e4 $1 Ne7 25. e5 $1 Nxc6 26. exd6 Nxa5 27. Qxb7 Naxb7 28. b4 {[%emt 0:00:26] White is more active.} Nxd6 29. bxc5 $40 {[%emt 0:04:20][%mdl 128] White attacks with force.} Nc4 30. c6 (30. Bc3 $1 $18) 30... Rdc7 {[%emt 0:00:07] [#]} 31. Bc3 (31. Ba1 $142 $1) 31... e5 $16 32. Nf5 {[%emt 0:01:15] Bb4 would be deadly.} f6 $2 (32... g6 $1 $14 33. Nh6+ Kf8) 33. Bb4 $18 ({Weaker is} 33. Rd7 Rxd7 34. cxd7 Rd8 $14) 33... Kf7 34. Nd6+ {[%emt 0:03:28] White is clearly winning.} Nxd6 35. Rxd6 Ke7 36. Rd7+ Ke8 {[%emt 0:00:04] [#]} 37. Rxc7 Rxc7 38. Ba5 {[%emt 0:00:09] Weighted Error Value: White=0.11 (very precise) /Black=0.44} 1-0